[ AOE2 MATCH · #489052506 ]
UnrankedVietnamese vs Vikings
[ REPLAY ANALYSIS · EXTRACTED FROM THE RECORDED GAME ]
Feudal
15:33
Castle
39:43
Imperial
—
| APM avg | 31.9 |
| APM peak | 77 |
| eAPM avg | 17.2 |
| Villagers / military | 81 / 15 |
Focus
⚔️ 28.6% · 🌾 71.4%
Skirmisher ×15
Feudal
13:01
Castle
22:41
Imperial
—
| APM avg | 40.1 |
| APM peak | 75 |
| eAPM avg | 18.1 |
| Villagers / military | 84 / 89 |
Focus
⚔️ 27.8% · 🌾 72.2%
Archer ×44 · Skirmisher ×41 · Unknown (2626) ×15 · Fishing Ship ×13 · Mangonel ×3 · Spearman ×1
Feudal
13:14
Castle
17:11
Imperial
34:17
| APM avg | 33.7 |
| APM peak | 81 |
| eAPM avg | 17.1 |
| Villagers / military | 146 / 81 |
Focus
⚔️ 27.6% · 🌾 72.4%
Elephant Archer ×75 · Fishing Ship ×6 · Trebuchet (Packed) ×4 · Mangonel ×2
Feudal
11:30
Castle
17:11
Imperial
36:45
| APM avg | 24.0 |
| APM peak | 48 |
| eAPM avg | 14.3 |
| Villagers / military | 116 / 56 |
Focus
⚔️ 26.8% · 🌾 73.2%
Mangudai ×50 · Battering Ram ×4 · Petard ×2 · Fishing Ship ×2
Feudal
12:32
Castle
17:48
Imperial
40:07
| APM avg | 43.6 |
| APM peak | 97 |
| eAPM avg | 27.6 |
| Villagers / military | 117 / 91 |
Focus
⚔️ 41.6% · 🌾 58.4%
Fire Lancer ×70 · Battering Ram ×12 · Fishing Ship ×10 · Spearman ×5 · Unknown (882) ×4 · Iron Pagoda ×3
Feudal
13:02
Castle
31:12
Imperial
41:51
| APM avg | 40.0 |
| APM peak | 80 |
| eAPM avg | 21.5 |
| Villagers / military | 145 / 13 |
Focus
⚔️ 16.9% · 🌾 83.1%
Fishing Ship ×15 · Skirmisher ×13
Feudal
11:53
Castle
18:26
Imperial
39:18
| APM avg | 39.4 |
| APM peak | 93 |
| eAPM avg | 19.2 |
| Villagers / military | 119 / 80 |
Focus
⚔️ 22.9% · 🌾 77.1%
War Elephant ×37 · Scout Cavalry ×19 · Knight ×15 · Fishing Ship ×6 · Battering Ram ×5 · Trebuchet (Packed) ×4
Feudal
—
Castle
—
Imperial
—
| APM avg | 25.0 |
| APM peak | 75 |
| eAPM avg | 13.8 |
| Villagers / military | 113 / 116 |
Focus
⚔️ 32.3% · 🌾 67.7%
Genoese Crossbowman ×68 · Galley ×34 · Fishing Ship ×26 · Trebuchet (Packed) ×8 · Fire Galley ×6
Match map
Initial resources + every placement click. Lines = walls · curves = elevation contours. ◆ gold · ⬟ stone · ● berries · ✦ relic · ◌ wall gap
Your base· Open — unwalled flank
eze's base· Open — 11t gap
CTM | chiwire's base· Open — unwalled flank
Dr.Dreamz's base· Open — 11t gap
CTM | Benja FC's base· Open — unwalled flank
Wendysocute's base· Open — 4t gap
DUDA's base· Open — 15t gap
Matasariano9065's base· Open — 14t gap
Smoothed initial terrain · ◌ = detected wall gap · hover for details
Inputs per minute
— PSX | King - - eze
Build order — PSX | King
First 150 of 213 actions detected
| 2:21 | Build | Town Center |
| 3:13 | Build | Palisade Wall |
| 3:14 | Build | Palisade Wall |
| 3:15 | Build | Palisade Wall |
| 3:17 | Build | Palisade Wall |
| 3:26 | Build | Palisade Wall |
| 3:28 | Build | Palisade Wall |
| 3:30 | Build | Palisade Wall |
| 3:31 | Build | Palisade Wall |
| 4:33 | Create | Villager (Male) |
| 4:33 | Create | Villager (Male) |
| 4:33 | Create | Villager (Male) |
| 4:34 | Create | Villager (Male) |
| 5:23 | Build | House |
| 5:32 | Research | Loom |
| 5:33 | Create | Villager (Male) |
| 5:33 | Create | Villager (Male) |
| 5:34 | Create | Villager (Male) |
| 5:55 | Create | Villager (Male) |
| 5:55 | Create | Villager (Male) |
| 7:04 | Create | Villager (Male) |
| 7:10 | Build | House |
| 7:24 | Create | Villager (Male) |
| 7:25 | Create | Villager (Male) |
| 7:25 | Create | Villager (Male) |
| 7:34 | Create | Villager (Male) |
| 7:34 | Create | Villager (Male) |
| 7:42 | Build | House |
| 8:05 | Create | Villager (Male) |
| 8:05 | Create | Villager (Male) |
| 8:06 | Create | Villager (Male) |
| 8:09 | Build | Lumber Camp |
| 8:43 | Create | Villager (Male) |
| 8:43 | Create | Villager (Male) |
| 8:44 | Create | Villager (Male) |
| 8:56 | Create | Villager (Male) |
| 9:05 | Create | Villager (Male) |
| 9:06 | Create | Villager (Male) |
| 9:06 | Create | Villager (Male) |
| 9:16 | Create | Villager (Male) |
| 9:47 | Create | Villager (Male) |
| 9:52 | Build | House |
| 9:58 | Create | Villager (Male) |
| 10:07 | Build | House |
| 10:18 | Build | House |
| 11:16 | Build | House |
| 11:44 | Create | Villager (Male) |
| 12:01 | Build | Mill |
| 12:08 | Create | Villager (Male) |
| 12:49 | Build | Farm |
| 12:50 | Build | Farm |
| 12:54 | Build | Farm |
| 12:56 | Build | Farm |
| 12:58 | Build | Farm |
| 13:01 | Build | Farm |
| 13:03 | Build | Farm |
| 13:23 | Research | Feudal Age |
| 13:23 | Research | Feudal Age |
| 13:45 | Build | House |
| 13:53 | Build | Outpost |
| 13:56 | Create | Villager (Male) |
| 14:17 | Build | Lumber Camp |
| 15:15 | Build | Lumber Camp |
| 15:33 | Age | Feudal Age |
| 15:37 | Research | Double-Bit Axe |
| 16:13 | Create | Villager (Male) |
| 16:42 | Create | Villager (Male) |
| 17:39 | Build | Town Center |
| 18:30 | Create | Villager (Male) |
| 18:31 | Create | Villager (Male) |
| 18:31 | Create | Villager (Male) |
| 18:31 | Create | Villager (Male) |
| 18:32 | Create | Villager (Male) |
| 18:32 | Create | Villager (Male) |
| 18:32 | Create | Villager (Male) |
| 18:33 | Create | Villager (Male) |
| 18:35 | Build | House |
| 18:36 | Build | House |
| 19:04 | Build | Farm |
| 19:07 | Build | Farm |
| 19:08 | Build | Farm |
| 19:08 | Build | Farm |
| 19:22 | Build | House |
| 19:23 | Build | House |
| 19:34 | Build | Stone Wall |
| 19:35 | Build | Stone Wall |
| 19:45 | Build | Farm |
| 20:23 | Build | Watch Tower |
| 20:39 | Build | Watch Tower |
| 20:47 | Build | Watch Tower |
| 21:02 | Build | Watch Tower |
| 21:04 | Create | Villager (Male) |
| 22:10 | Build | Watch Tower |
| 22:15 | Build | Blacksmith |
| 23:07 | Research | Forging |
| 23:11 | Research | Scale Barding Armor |
| 26:07 | Build | Town Center |
| 26:49 | Create | Villager (Male) |
| 26:49 | Create | Villager (Male) |
| 26:49 | Create | Villager (Male) |
| 27:00 | Build | Outpost |
| 27:41 | Build | Farm |
| 27:42 | Build | Farm |
| 27:50 | Build | Farm |
| 28:00 | Build | Farm |
| 28:34 | Build | Outpost |
| 28:34 | Create | Villager (Male) |
| 28:37 | Build | Farm |
| 28:39 | Build | Farm |
| 28:58 | Build | Farm |
| 29:12 | Build | Outpost |
| 29:14 | Create | Villager (Male) |
| 29:14 | Create | Villager (Male) |
| 29:34 | Build | Outpost |
| 29:34 | Create | Villager (Male) |
| 29:35 | Create | Villager (Male) |
| 29:38 | Build | Farm |
| 29:44 | Build | Farm |
| 30:07 | Create | Villager (Male) |
| 30:19 | Build | Palisade Wall |
| 30:19 | Build | Palisade Wall |
| 30:21 | Build | Palisade Wall |
| 30:23 | Build | Palisade Wall |
| 30:24 | Build | Palisade Wall |
| 30:37 | Build | Outpost |
| 30:40 | Create | Villager (Male) |
| 30:40 | Create | Villager (Male) |
| 30:40 | Create | Villager (Male) |
| 30:43 | Build | Farm |
| 30:46 | Build | Farm |
| 31:09 | Create | Villager (Male) |
| 31:13 | Build | Farm |
| 31:15 | Build | Farm |
| 31:19 | Create | Villager (Male) |
| 31:19 | Create | Villager (Male) |
| 31:26 | Build | Palisade Gate |
| 31:45 | Build | Palisade Gate |
| 31:58 | Build | Palisade Gate |
| 32:04 | Create | Villager (Male) |
| 32:05 | Create | Villager (Male) |
| 32:10 | Build | Farm |
| 32:15 | Create | Villager (Male) |
| 32:24 | Build | Palisade Gate |
| 32:29 | Build | Palisade Gate |
| 32:40 | Create | Villager (Male) |
| 32:43 | Build | Lumber Camp |
| 32:55 | Research | Town Watch |
| 33:22 | Create | Villager (Male) |
| 33:38 | Create | Villager (Male) |
| 33:39 | Create | Villager (Male) |
Build order — eze
First 150 of 240 actions detected
| 0:23 | Build | Town Center |
| 0:33 | Build | Town Center |
| 0:43 | Build | House |
| 1:24 | Build | Dock |
| 2:55 | Create | Villager (Male) ×4 |
| 3:41 | Create | Fishing Ship |
| 3:42 | Create | Fishing Ship |
| 4:32 | Build | House |
| 4:36 | Research | Loom |
| 4:47 | Create | Villager (Male) |
| 4:55 | Create | Fishing Ship |
| 4:55 | Create | Fishing Ship |
| 5:38 | Create | Fishing Ship |
| 5:38 | Create | Fishing Ship |
| 5:48 | Create | Villager (Male) |
| 6:17 | Create | Fishing Ship |
| 6:30 | Create | Villager (Male) |
| 6:30 | Create | Villager (Male) |
| 6:49 | Build | House |
| 7:03 | Create | Villager (Male) |
| 7:31 | Create | Villager (Male) |
| 7:31 | Create | Villager (Male) |
| 7:32 | Create | Villager (Male) |
| 7:32 | Create | Villager (Male) |
| 8:09 | Build | House |
| 8:38 | Create | Villager (Male) |
| 8:39 | Create | Villager (Male) |
| 8:40 | Build | Palisade Wall |
| 8:44 | Build | Palisade Wall |
| 8:50 | Build | House |
| 9:15 | Create | Villager (Male) |
| 9:29 | Build | Lumber Camp |
| 9:33 | Create | Villager (Male) |
| 9:36 | Create | Fishing Ship |
| 10:14 | Create | Villager (Male) |
| 10:17 | Create | Fishing Ship |
| 10:29 | Build | House |
| 10:40 | Research | Feudal Age |
| 10:41 | Research | Feudal Age |
| 11:35 | Create | Villager (Male) |
| 11:35 | Create | Villager (Male) |
| 12:09 | Build | Dock |
| 12:55 | Create | Villager (Male) |
| 13:01 | Age | Feudal Age |
| 13:02 | Research | Double-Bit Axe |
| 13:02 | Research | Double-Bit Axe |
| 13:05 | Create | Unit 2626 |
| 13:05 | Create | Unit 2626 |
| 13:06 | Create | Villager (Male) |
| 13:32 | Build | House |
| 13:42 | Create | Unit 2626 ×2 |
| 13:44 | Create | Villager (Male) |
| 13:57 | Build | House |
| 14:02 | Build | House |
| 14:03 | Build | House |
| 14:40 | Create | Villager (Male) |
| 14:40 | Create | Villager (Male) |
| 14:41 | Create | Villager (Male) |
| 14:43 | Build | House |
| 15:23 | Create | Unit 2626 ×5 |
| 15:49 | Create | Villager (Male) |
| 16:20 | Build | Mill |
| 16:26 | Build | Blacksmith |
| 16:28 | Research | Town Watch |
| 16:30 | Create | Villager (Male) |
| 16:41 | Build | House |
| 17:12 | Create | Villager (Male) |
| 17:13 | Create | Villager (Male) |
| 17:28 | Create | Unit 2626 |
| 17:28 | Create | Unit 2626 |
| 17:46 | Create | Unit 2626 |
| 17:46 | Create | Unit 2626 |
| 18:14 | Create | Unit 2626 |
| 18:14 | Create | Unit 2626 |
| 18:20 | Build | House |
| 18:21 | Create | Villager (Male) |
| 18:21 | Create | Villager (Male) |
| 18:59 | Create | Villager (Male) |
| 19:05 | Build | Market |
| 19:19 | Create | Villager (Male) |
| 19:39 | Research | Castle Age |
| 19:43 | Build | Mill |
| 19:56 | Build | Lumber Camp |
| 20:09 | Create | Villager (Male) |
| 20:09 | Create | Villager (Male) |
| 20:27 | Build | Barracks |
| 20:39 | Build | Lumber Camp |
| 20:51 | Create | Villager (Male) |
| 20:58 | Build | Mining Camp |
| 21:45 | Build | Palisade Wall |
| 21:52 | Research | Fletching |
| 21:59 | Build | Archery Range |
| 22:00 | Build | Archery Range |
| 22:25 | Create | Spearman |
| 22:41 | Age | Castle Age |
| 22:49 | Research | Bow Saw |
| 22:57 | Build | Town Center |
| 23:07 | Build | Dock |
| 23:09 | Create | Villager (Male) |
| 23:20 | Research | Crossbowman (upgrade) |
| 23:20 | Create | Archer |
| 23:20 | Create | Archer |
| 23:20 | Create | Archer |
| 23:24 | Build | Lumber Camp |
| 23:43 | Create | Archer |
| 23:55 | Build | Siege Workshop |
| 23:59 | Create | Archer |
| 23:59 | Create | Archer |
| 24:28 | Build | Lumber Camp |
| 24:29 | Create | Villager (Male) |
| 24:29 | Create | Villager (Male) |
| 24:38 | Create | Archer |
| 24:38 | Create | Archer |
| 24:44 | Create | Villager (Male) |
| 24:44 | Create | Villager (Male) |
| 24:56 | Build | Mining Camp |
| 25:01 | Build | House |
| 25:02 | Build | House |
| 25:11 | Build | House |
| 25:12 | Build | House |
| 25:15 | Build | House |
| 25:16 | Build | House |
| 25:22 | Create | Archer |
| 25:23 | Create | Archer |
| 25:25 | Research | Bodkin Arrow |
| 25:54 | Research | Horse Collar |
| 25:57 | Build | Farm |
| 25:57 | Build | Farm |
| 25:58 | Build | Farm |
| 25:58 | Build | Farm |
| 25:58 | Build | Farm |
| 25:59 | Build | Farm |
| 26:02 | Build | Farm |
| 26:14 | Create | Villager (Male) |
| 26:14 | Create | Villager (Male) |
| 26:33 | Build | Farm |
| 26:37 | Create | Mangonel |
| 26:38 | Create | Mangonel |
| 26:39 | Create | Archer |
| 26:39 | Create | Archer |
| 26:51 | Research | Padded Archer Armor |
| 27:05 | Build | Farm |
| 27:07 | Build | Farm |
| 27:37 | Create | Archer |
| 27:38 | Create | Archer |
| 27:39 | Create | Villager (Male) |
| 27:40 | Create | Villager (Male) |
| 28:41 | Create | Archer ×4 |
| 28:59 | Create | Mangonel |
| 29:11 | Build | Archery Range |
Build order — CTM | chiwire
First 150 of 395 actions detected
| 0:05 | Build | Town Center |
| 0:35 | Build | Dock |
| 2:26 | Create | Villager (Male) |
| 2:27 | Create | Villager (Male) |
| 2:27 | Create | Villager (Male) |
| 2:27 | Create | Villager (Male) |
| 3:09 | Create | Fishing Ship |
| 3:40 | Create | Villager (Male) |
| 3:40 | Create | Villager (Male) |
| 3:58 | Build | House |
| 4:26 | Research | Loom |
| 4:40 | Create | Fishing Ship |
| 4:49 | Build | House |
| 5:07 | Create | Villager (Male) |
| 5:10 | Create | Fishing Ship |
| 5:42 | Create | Villager (Male) |
| 6:02 | Create | Villager (Male) |
| 6:07 | Build | House |
| 6:22 | Create | Villager (Male) |
| 6:38 | Create | Villager (Male) |
| 6:38 | Create | Villager (Male) |
| 7:33 | Create | Villager (Male) |
| 7:33 | Create | Villager (Male) |
| 7:33 | Create | Villager (Male) |
| 8:01 | Create | Villager (Male) |
| 8:02 | Create | Villager (Male) |
| 8:33 | Create | Fishing Ship |
| 8:33 | Create | Fishing Ship |
| 8:35 | Build | House |
| 8:36 | Build | House |
| 8:43 | Build | House |
| 8:45 | Create | Villager (Male) |
| 8:45 | Create | Villager (Male) |
| 10:08 | Build | Mill |
| 10:50 | Build | Mining Camp |
| 10:56 | Research | Feudal Age |
| 11:27 | Build | Palisade Wall |
| 11:31 | Build | Palisade Wall |
| 11:40 | Create | Villager (Male) |
| 11:41 | Create | Villager (Male) |
| 11:41 | Create | Villager (Male) |
| 11:43 | Create | Fishing Ship |
| 13:14 | Age | Feudal Age |
| 13:16 | Build | Market |
| 13:19 | Build | Blacksmith |
| 13:46 | Build | Stone Wall |
| 13:50 | Build | Gate |
| 13:59 | Build | Mining Camp |
| 14:14 | Build | Gate |
| 14:19 | Build | Stone Wall |
| 14:31 | Research | Castle Age |
| 14:38 | Build | Lumber Camp |
| 15:33 | Research | Double-Bit Axe |
| 16:21 | Build | Stone Wall |
| 16:24 | Create | Villager (Male) |
| 16:25 | Create | Villager (Male) |
| 16:25 | Create | Villager (Male) |
| 16:51 | Build | Stone Wall |
| 16:58 | Build | Gate |
| 17:05 | Build | Stone Wall |
| 17:11 | Age | Castle Age |
| 17:12 | Create | Villager (Male) |
| 17:31 | Build | Town Center |
| 17:47 | Create | Villager (Male) |
| 18:11 | Build | Stone Wall |
| 18:24 | Research | Horse Collar |
| 18:27 | Research | Bow Saw |
| 18:29 | Build | Farm |
| 18:32 | Build | Farm |
| 18:48 | Create | Villager (Male) |
| 18:56 | Create | Villager (Male) |
| 18:56 | Create | Villager (Male) |
| 18:57 | Create | Villager (Male) |
| 19:00 | Build | Farm |
| 19:02 | Build | Farm |
| 19:14 | Build | Gate |
| 19:19 | Build | Stone Wall |
| 19:23 | Create | Villager (Male) |
| 19:33 | Build | Farm |
| 19:35 | Build | Farm |
| 20:17 | Build | Stone Wall |
| 20:20 | Create | Villager (Male) |
| 20:21 | Create | Villager (Male) |
| 20:21 | Create | Villager (Male) |
| 20:21 | Create | Villager (Male) |
| 20:21 | Create | Villager (Male) |
| 20:21 | Create | Villager (Male) |
| 20:25 | Build | House |
| 20:27 | Build | House |
| 20:28 | Build | House |
| 20:33 | Build | House |
| 20:41 | Research | Wheelbarrow |
| 20:41 | Create | Villager (Male) |
| 20:51 | Build | Stone Wall |
| 20:58 | Create | Villager (Male) |
| 21:17 | Build | Town Center |
| 21:38 | Build | Farm |
| 21:40 | Build | Farm |
| 22:02 | Create | Villager (Male) |
| 22:02 | Create | Villager (Male) |
| 22:02 | Create | Villager (Male) |
| 22:02 | Create | Villager (Male) |
| 22:02 | Create | Villager (Male) |
| 22:03 | Create | Villager (Male) |
| 22:06 | Build | Farm |
| 22:33 | Research | Gold Mining |
| 22:36 | Create | Villager (Male) |
| 22:36 | Create | Villager (Male) |
| 22:48 | Build | Stone Wall |
| 22:56 | Build | Farm |
| 22:58 | Build | Farm |
| 23:01 | Build | Farm |
| 23:03 | Build | Farm |
| 23:04 | Create | Villager (Male) |
| 23:04 | Create | Villager (Male) |
| 23:14 | Create | Villager (Male) |
| 23:43 | Build | Farm |
| 23:46 | Build | Town Center |
| 23:49 | Create | Villager (Male) |
| 23:49 | Create | Villager (Male) |
| 23:51 | Create | Villager (Male) |
| 23:51 | Create | Villager (Male) |
| 24:10 | Build | House |
| 24:11 | Build | House |
| 24:12 | Build | House |
| 24:13 | Build | House |
| 24:20 | Build | Stone Wall |
| 24:21 | Create | Villager (Male) |
| 24:21 | Create | Villager (Male) |
| 24:22 | Create | Villager (Male) |
| 24:22 | Create | Villager (Male) |
| 24:22 | Create | Villager (Male) |
| 24:24 | Build | Farm |
| 24:26 | Build | Farm |
| 24:30 | Build | Farm |
| 24:41 | Create | Villager (Male) |
| 24:41 | Create | Villager (Male) |
| 24:50 | Build | Stone Wall |
| 24:54 | Create | Villager (Male) |
| 24:54 | Create | Villager (Male) |
| 24:54 | Create | Villager (Male) |
| 25:12 | Build | Farm |
| 25:12 | Build | Farm |
| 25:12 | Build | Farm |
| 25:13 | Build | Farm |
| 25:13 | Build | Farm |
| 25:15 | Create | Villager (Male) |
| 25:16 | Create | Villager (Male) |
| 25:16 | Create | Villager (Male) |
| 25:19 | Build | Farm |
Build order — Dr.Dreamz
First 150 of 310 actions detected
| 0:08 | Build | Town Center |
| 1:28 | Build | House |
| 2:05 | Build | Dock |
| 2:31 | Create | Villager (Male) |
| 2:34 | Create | Villager (Male) |
| 3:01 | Create | Villager (Male) |
| 3:01 | Create | Villager (Male) |
| 3:04 | Research | Loom |
| 3:13 | Create | Villager (Male) |
| 3:13 | Create | Villager (Male) |
| 3:30 | Build | House |
| 4:18 | Build | House |
| 4:22 | Create | Fishing Ship |
| 4:44 | Create | Villager (Male) |
| 4:45 | Create | Villager (Male) |
| 5:11 | Create | Villager (Male) |
| 5:11 | Create | Villager (Male) |
| 5:37 | Create | Villager (Male) |
| 6:08 | Create | Villager (Male) |
| 6:08 | Create | Villager (Male) |
| 6:08 | Create | Villager (Male) |
| 6:28 | Create | Villager (Male) |
| 6:38 | Build | House |
| 7:14 | Create | Villager (Male) |
| 8:13 | Build | Mill |
| 8:39 | Create | Villager (Male) |
| 8:42 | Create | Fishing Ship |
| 9:01 | Research | Feudal Age |
| 9:20 | Build | House |
| 9:36 | Build | House |
| 10:13 | Build | Palisade Wall |
| 10:34 | Create | Villager (Male) |
| 11:02 | Create | Villager (Male) |
| 11:30 | Age | Feudal Age |
| 11:36 | Build | Market |
| 12:05 | Build | Mining Camp |
| 12:07 | Create | Villager (Male) |
| 12:12 | Build | House |
| 12:34 | Create | Villager (Male) |
| 12:54 | Build | House |
| 13:04 | Create | Villager (Male) |
| 13:32 | Build | Blacksmith |
| 13:37 | Build | Palisade Wall |
| 13:40 | Create | Villager (Male) |
| 13:57 | Build | Palisade Wall |
| 14:31 | Research | Castle Age |
| 14:36 | Build | Palisade Wall |
| 14:41 | Build | Mining Camp |
| 15:08 | Build | Lumber Camp |
| 15:22 | Build | Palisade Wall |
| 15:46 | Research | Double-Bit Axe |
| 15:56 | Create | Villager (Male) |
| 16:37 | Build | Gate |
| 17:11 | Age | Castle Age |
| 17:27 | Build | Castle |
| 17:34 | Create | Villager (Male) |
| 18:10 | Create | Villager (Male) |
| 18:27 | Create | Villager (Male) |
| 18:35 | Create | Mangudai |
| 18:44 | Research | Bow Saw |
| 18:48 | Create | Mangudai |
| 19:00 | Create | Villager (Male) |
| 19:36 | Create | Mangudai |
| 19:38 | Create | Villager (Male) |
| 19:44 | Build | Mill |
| 20:22 | Create | Villager (Male) |
| 20:41 | Build | Siege Workshop |
| 20:55 | Create | Mangudai |
| 21:04 | Research | Fletching |
| 22:00 | Create | Villager (Male) |
| 22:00 | Create | Villager (Male) |
| 22:06 | Build | Farm |
| 22:07 | Build | Farm |
| 22:08 | Build | Farm |
| 22:13 | Build | Town Center |
| 22:20 | Create | Battering Ram |
| 22:22 | Build | House |
| 22:57 | Build | House |
| 22:59 | Build | House |
| 23:03 | Create | Villager (Male) |
| 23:11 | Research | Gold Mining |
| 23:17 | Create | Villager (Male) |
| 23:31 | Create | Villager (Male) |
| 23:45 | Create | Villager (Male) |
| 23:58 | Build | House |
| 24:01 | Create | Villager (Male) |
| 24:17 | Build | Outpost |
| 24:36 | Create | Villager (Male) |
| 24:45 | Build | Farm |
| 24:46 | Build | Farm |
| 24:56 | Research | Horse Collar |
| 25:04 | Build | House |
| 25:05 | Build | House |
| 25:07 | Create | Villager (Male) |
| 25:20 | Research | Town Watch |
| 25:22 | Create | Villager (Male) |
| 25:39 | Create | Villager (Male) |
| 25:52 | Build | Outpost |
| 25:55 | Create | Villager (Male) |
| 26:07 | Create | Villager (Male) |
| 26:12 | Create | Villager (Male) |
| 26:15 | Create | Battering Ram |
| 26:19 | Create | Mangudai |
| 26:20 | Create | Mangudai |
| 26:21 | Create | Villager (Male) |
| 26:37 | Build | House |
| 26:43 | Research | Bodkin Arrow |
| 26:45 | Create | Villager (Male) |
| 27:00 | Create | Villager (Male) |
| 27:02 | Create | Mangudai |
| 27:09 | Build | Outpost |
| 27:27 | Build | Town Center |
| 27:40 | Create | Mangudai |
| 27:40 | Create | Mangudai |
| 27:43 | Create | Villager (Male) |
| 28:02 | Build | Outpost |
| 28:04 | Create | Villager (Male) |
| 28:04 | Create | Villager (Male) |
| 28:05 | Create | Villager (Male) |
| 28:09 | Create | Mangudai |
| 28:18 | Build | Town Center |
| 28:22 | Create | Villager (Male) |
| 28:42 | Create | Battering Ram |
| 28:44 | Create | Villager (Male) |
| 28:44 | Create | Villager (Male) |
| 28:48 | Create | Mangudai |
| 28:48 | Create | Mangudai |
| 28:48 | Create | Mangudai |
| 28:52 | Build | Farm |
| 29:08 | Create | Villager (Male) |
| 29:19 | Build | Mining Camp |
| 29:26 | Create | Villager (Male) |
| 29:40 | Build | Outpost |
| 29:41 | Create | Mangudai |
| 29:42 | Create | Mangudai |
| 29:42 | Create | Mangudai |
| 29:52 | Create | Villager (Male) |
| 29:53 | Create | Villager (Male) |
| 30:06 | Create | Villager (Male) |
| 30:06 | Create | Villager (Male) |
| 30:12 | Build | Farm |
| 30:13 | Build | Farm |
| 30:13 | Build | Farm |
| 30:15 | Build | Farm |
| 30:16 | Build | Farm |
| 30:17 | Build | Farm |
| 30:17 | Build | Farm |
| 30:19 | Build | Farm |
| 30:19 | Build | Farm |
| 30:19 | Build | Farm |
Build order — CTM | Benja FC
First 150 of 350 actions detected
| 0:44 | Build | Town Center |
| 2:55 | Research | Loom |
| 3:09 | Build | Dock |
| 3:38 | Create | Villager (Male) |
| 3:38 | Create | Villager (Male) |
| 4:14 | Create | Villager (Male) |
| 4:15 | Create | Villager (Male) |
| 4:36 | Create | Villager (Male) |
| 4:36 | Create | Villager (Male) |
| 5:03 | Create | Villager (Male) |
| 5:20 | Create | Villager (Male) |
| 5:20 | Create | Villager (Male) |
| 5:47 | Create | Villager (Male) |
| 5:47 | Create | Villager (Male) |
| 6:13 | Create | Fishing Ship |
| 6:14 | Create | Fishing Ship |
| 6:16 | Create | Villager (Male) |
| 6:16 | Create | Villager (Male) |
| 6:30 | Create | Villager (Male) |
| 6:30 | Create | Villager (Male) |
| 7:04 | Create | Villager (Male) |
| 7:04 | Create | Villager (Male) |
| 7:06 | Create | Fishing Ship |
| 7:07 | Create | Fishing Ship |
| 7:19 | Create | Villager (Male) |
| 7:37 | Create | Fishing Ship |
| 7:41 | Build | House |
| 7:52 | Create | Villager (Male) |
| 8:06 | Create | Villager (Male) |
| 8:27 | Create | Villager (Male) |
| 8:29 | Create | Fishing Ship |
| 8:39 | Create | Villager (Male) |
| 8:41 | Create | Fishing Ship |
| 8:49 | Build | House |
| 9:35 | Create | Villager (Male) |
| 9:44 | Build | Mill |
| 9:57 | Create | Fishing Ship |
| 9:58 | Create | Fishing Ship |
| 10:22 | Research | Feudal Age |
| 10:22 | Research | Feudal Age |
| 10:41 | Create | Fishing Ship |
| 11:16 | Build | Palisade Wall |
| 11:18 | Build | Palisade Wall |
| 11:19 | Build | Palisade Wall |
| 11:33 | Create | Villager (Male) |
| 11:51 | Create | Villager (Male) |
| 12:13 | Build | House |
| 12:32 | Age | Feudal Age |
| 12:35 | Build | Market |
| 12:43 | Build | Blacksmith |
| 12:49 | Create | Villager (Male) |
| 13:04 | Build | Mill |
| 13:33 | Build | House |
| 13:35 | Build | House |
| 13:43 | Research | Wheelbarrow |
| 13:43 | Research | Town Watch |
| 13:51 | Create | Villager (Male) |
| 14:08 | Build | Mining Camp |
| 15:08 | Research | Castle Age |
| 15:59 | Build | Barracks |
| 16:05 | Create | Villager (Male) |
| 16:28 | Create | Villager (Male) |
| 16:48 | Build | Lumber Camp |
| 17:48 | Age | Castle Age |
| 17:50 | Create | Villager (Male) |
| 17:55 | Build | Siege Workshop |
| 18:05 | Create | Villager (Male) |
| 18:34 | Create | Villager (Male) |
| 18:38 | Build | Mining Camp |
| 18:46 | Create | Villager (Male) |
| 18:51 | Research | Double-Bit Axe |
| 19:01 | Create | Battering Ram |
| 19:01 | Create | Battering Ram |
| 19:05 | Create | Villager (Male) |
| 19:09 | Build | House |
| 19:12 | Build | House |
| 19:17 | Build | Palisade Wall |
| 19:21 | Create | Villager (Male) |
| 19:26 | Build | Palisade Wall |
| 19:36 | Create | Battering Ram |
| 19:37 | Create | Battering Ram |
| 19:39 | Create | Villager (Male) |
| 19:48 | Create | Fire Lancer |
| 19:49 | Create | Fire Lancer |
| 20:12 | Create | Fire Lancer |
| 20:14 | Create | Villager (Male) |
| 20:20 | Create | Battering Ram |
| 20:30 | Create | Villager (Male) |
| 20:44 | Create | Villager (Male) |
| 20:56 | Create | Battering Ram |
| 21:01 | Create | Villager (Male) |
| 21:10 | Create | Villager (Male) |
| 21:14 | Create | Fire Lancer |
| 21:14 | Create | Fire Lancer |
| 21:15 | Create | Fire Lancer |
| 21:39 | Create | Fire Lancer |
| 21:39 | Create | Fire Lancer |
| 22:08 | Create | Battering Ram |
| 22:09 | Create | Villager (Male) |
| 22:14 | Build | House |
| 22:15 | Build | House |
| 22:15 | Build | House |
| 22:15 | Build | House |
| 22:32 | Create | Villager (Male) |
| 22:40 | Create | Villager (Male) |
| 22:46 | Create | Villager (Male) |
| 23:01 | Create | Villager (Male) |
| 23:04 | Build | Town Center |
| 23:16 | Create | Villager (Male) |
| 23:34 | Create | Fire Lancer |
| 23:34 | Create | Fire Lancer |
| 23:38 | Build | House |
| 23:41 | Create | Villager (Male) |
| 23:58 | Create | Villager (Male) |
| 24:05 | Build | Farm |
| 24:06 | Build | Farm |
| 24:14 | Build | House |
| 24:19 | Build | Farm |
| 24:20 | Create | Villager (Male) |
| 24:26 | Build | Farm |
| 24:30 | Build | House |
| 24:56 | Build | Barracks |
| 25:06 | Create | Villager (Male) |
| 25:07 | Create | Villager (Male) |
| 25:09 | Build | Farm |
| 25:10 | Create | Villager (Male) |
| 25:20 | Build | Farm |
| 25:23 | Build | Farm |
| 25:29 | Create | Fire Lancer |
| 25:50 | Create | Villager (Male) |
| 25:51 | Create | Villager (Male) |
| 25:54 | Build | Barracks |
| 25:58 | Create | Fire Lancer |
| 25:58 | Create | Fire Lancer |
| 26:00 | Create | Villager (Male) |
| 26:01 | Create | Villager (Male) |
| 26:08 | Build | Farm |
| 26:24 | Create | Fire Lancer |
| 26:24 | Create | Fire Lancer |
| 26:24 | Create | Fire Lancer |
| 26:25 | Create | Villager (Male) |
| 26:26 | Research | Forging |
| 26:27 | Research | Scale Mail Armor |
| 26:30 | Create | Villager (Male) |
| 26:38 | Create | Fire Lancer |
| 26:39 | Create | Fire Lancer |
| 26:40 | Create | Fire Lancer |
| 26:52 | Create | Fire Lancer |
| 26:53 | Create | Fire Lancer |
| 26:53 | Create | Fire Lancer |
Build order — Wendysocute
First 150 of 356 actions detected
| 0:06 | Build | Town Center |
| 1:43 | Build | House |
| 1:45 | Build | House |
| 2:10 | Build | Dock |
| 2:43 | Create | Villager (Male) |
| 2:43 | Create | Villager (Male) |
| 2:43 | Create | Villager (Male) |
| 2:44 | Create | Villager (Male) |
| 2:44 | Create | Villager (Male) |
| 3:47 | Create | Villager (Male) |
| 4:38 | Create | Villager (Male) |
| 5:06 | Create | Villager (Male) |
| 5:27 | Create | Villager (Male) |
| 5:27 | Create | Villager (Male) |
| 6:02 | Create | Villager (Male) |
| 6:15 | Build | House |
| 6:19 | Build | House |
| 6:21 | Create | Villager (Male) |
| 6:21 | Create | Villager (Male) |
| 6:34 | Create | Villager (Male) |
| 6:49 | Build | House |
| 6:56 | Build | Palisade Wall |
| 7:13 | Create | Villager (Male) |
| 7:13 | Create | Villager (Male) |
| 7:42 | Build | Lumber Camp |
| 7:59 | Build | Lumber Camp |
| 8:01 | Create | Villager (Male) |
| 8:26 | Create | Villager (Male) |
| 8:30 | Create | Fishing Ship |
| 8:50 | Create | Villager (Male) |
| 9:09 | Create | Fishing Ship |
| 9:10 | Create | Villager (Male) |
| 9:46 | Create | Villager (Male) |
| 9:56 | Build | House |
| 9:59 | Build | House |
| 10:11 | Create | Villager (Male) |
| 10:52 | Research | Feudal Age |
| 10:53 | Research | Feudal Age |
| 11:41 | Build | Mining Camp |
| 12:19 | Create | Villager (Male) |
| 12:19 | Create | Villager (Male) |
| 12:21 | Create | Villager (Male) |
| 13:02 | Age | Feudal Age |
| 13:10 | Build | Watch Tower |
| 13:38 | Build | Watch Tower |
| 13:45 | Build | Watch Tower |
| 13:52 | Build | Blacksmith |
| 13:56 | Create | Villager (Male) |
| 14:34 | Build | Watch Tower |
| 14:51 | Create | Villager (Male) |
| 15:10 | Build | Watch Tower |
| 15:16 | Create | Villager (Male) |
| 15:16 | Create | Villager (Male) |
| 16:03 | Build | Watch Tower |
| 16:08 | Create | Villager (Male) |
| 16:28 | Build | House |
| 16:40 | Build | House |
| 16:42 | Build | House |
| 16:44 | Build | House |
| 16:45 | Build | House |
| 16:48 | Build | House |
| 17:06 | Build | House |
| 17:08 | Build | House |
| 17:12 | Build | House |
| 17:24 | Build | House |
| 17:26 | Create | Villager (Male) |
| 17:39 | Create | Villager (Male) |
| 18:24 | Build | Watch Tower |
| 18:56 | Research | Fletching |
| 19:40 | Create | Fishing Ship |
| 19:40 | Create | Fishing Ship |
| 19:40 | Create | Fishing Ship |
| 20:10 | Create | Villager (Male) |
| 20:31 | Create | Fishing Ship |
| 20:31 | Create | Fishing Ship |
| 21:02 | Create | Villager (Male) |
| 21:02 | Create | Villager (Male) |
| 21:02 | Create | Villager (Male) |
| 21:12 | Build | Stone Wall |
| 21:15 | Build | Gate |
| 21:21 | Build | Mill |
| 21:24 | Create | Fishing Ship |
| 21:24 | Create | Fishing Ship |
| 21:26 | Create | Villager (Male) |
| 21:27 | Create | Villager (Male) |
| 22:13 | Create | Villager (Male) |
| 22:36 | Create | Villager (Male) |
| 22:40 | Create | Fishing Ship |
| 22:40 | Create | Fishing Ship |
| 22:40 | Create | Fishing Ship |
| 23:24 | Create | Villager (Male) |
| 23:24 | Create | Villager (Male) |
| 23:26 | Create | Fishing Ship |
| 23:29 | Create | Villager (Male) |
| 23:45 | Build | Watch Tower |
| 24:06 | Build | Watch Tower |
| 24:14 | Create | Villager (Male) |
| 24:21 | Build | Mill |
| 25:08 | Build | Mill |
| 25:09 | Create | Villager (Male) |
| 25:28 | Build | Farm |
| 25:28 | Build | Farm |
| 25:28 | Build | Farm |
| 25:29 | Build | Farm |
| 25:29 | Build | Farm |
| 25:30 | Create | Villager (Male) |
| 25:32 | Research | Double-Bit Axe |
| 25:32 | Research | Double-Bit Axe |
| 25:40 | Create | Fishing Ship |
| 25:48 | Build | Mining Camp |
| 25:50 | Create | Villager (Male) |
| 25:53 | Build | Farm |
| 25:58 | Create | Villager (Male) |
| 26:22 | Create | Villager (Male) |
| 26:26 | Create | Villager (Male) |
| 26:30 | Research | Loom |
| 26:34 | Create | Villager (Male) |
| 26:57 | Create | Villager (Male) |
| 27:13 | Build | Market |
| 27:16 | Create | Fishing Ship |
| 27:52 | Build | Market |
| 28:00 | Create | Villager (Male) |
| 28:08 | Create | Villager (Male) |
| 28:15 | Research | Horse Collar |
| 28:27 | Research | Castle Age |
| 30:42 | Create | Villager (Male) |
| 30:43 | Create | Villager (Male) |
| 30:44 | Create | Villager (Male) |
| 31:12 | Age | Castle Age |
| 31:17 | Build | Town Center |
| 31:24 | Build | Town Center |
| 31:33 | Build | Castle |
| 31:40 | Research | Heavy Plow |
| 31:40 | Research | Heavy Plow |
| 31:41 | Create | Villager (Male) |
| 31:43 | Research | Bow Saw |
| 31:47 | Build | Farm |
| 31:47 | Build | Farm |
| 31:47 | Build | Farm |
| 31:47 | Build | Farm |
| 31:47 | Build | Farm |
| 31:48 | Build | Farm |
| 31:48 | Build | Farm |
| 31:48 | Build | Farm |
| 31:48 | Build | Farm |
| 31:49 | Build | Farm |
| 31:51 | Create | Villager (Male) |
| 31:53 | Create | Villager (Male) |
| 32:09 | Build | Lumber Camp |
| 32:20 | Build | Farm |
Build order — DUDA
First 150 of 356 actions detected
| 0:30 | Build | Town Center |
| 1:17 | Build | Dock |
| 2:45 | Create | Villager (Male) |
| 2:45 | Create | Villager (Male) |
| 2:45 | Create | Villager (Male) |
| 2:46 | Create | Villager (Male) |
| 2:46 | Create | Villager (Male) |
| 2:46 | Create | Villager (Male) |
| 2:50 | Build | House |
| 3:52 | Create | Fishing Ship |
| 4:29 | Build | House |
| 4:53 | Create | Villager (Male) |
| 5:26 | Create | Villager (Male) |
| 5:34 | Build | House |
| 5:45 | Create | Villager (Male) |
| 5:55 | Create | Villager (Male) |
| 6:23 | Create | Villager (Male) |
| 6:42 | Create | Villager (Male) |
| 6:50 | Create | Fishing Ship |
| 6:51 | Create | Fishing Ship |
| 7:00 | Create | Villager (Male) |
| 7:30 | Create | Fishing Ship |
| 7:48 | Research | Loom |
| 8:07 | Build | Mill |
| 8:09 | Create | Villager (Male) |
| 8:50 | Create | Villager (Male) |
| 8:54 | Build | House |
| 9:01 | Create | Fishing Ship |
| 9:49 | Research | Feudal Age |
| 10:04 | Build | Palisade Wall |
| 10:11 | Build | Palisade Wall |
| 10:16 | Build | Palisade Wall |
| 10:28 | Build | Palisade Wall |
| 10:31 | Build | Palisade Wall |
| 10:39 | Build | Palisade Wall |
| 11:04 | Create | Villager (Male) |
| 11:19 | Build | Mining Camp |
| 11:50 | Create | Villager (Male) |
| 11:53 | Age | Feudal Age |
| 12:01 | Create | Trade Cog |
| 12:23 | Create | Unit 2626 |
| 12:30 | Build | Lumber Camp |
| 12:31 | Create | Villager (Male) |
| 12:53 | Build | House |
| 13:09 | Create | Unit 2626 |
| 13:17 | Build | House |
| 13:26 | Build | House |
| 13:40 | Create | Villager (Male) |
| 14:01 | Build | Market |
| 14:19 | Create | Villager (Male) |
| 14:26 | Build | House |
| 14:45 | Create | Villager (Male) |
| 14:59 | Create | Villager (Male) |
| 15:11 | Build | Blacksmith |
| 15:30 | Build | House |
| 15:34 | Create | Villager (Male) |
| 15:59 | Research | Double-Bit Axe |
| 16:00 | Research | Castle Age |
| 16:05 | Build | House |
| 17:07 | Create | Fishing Ship |
| 17:09 | Create | Villager (Male) |
| 17:26 | Research | Stone Mining |
| 18:13 | Create | Villager (Male) |
| 18:26 | Age | Castle Age |
| 18:28 | Build | Town Center |
| 18:30 | Create | Villager (Male) |
| 18:41 | Research | Bow Saw |
| 18:42 | Create | Villager (Male) |
| 18:57 | Build | Town Center |
| 19:00 | Create | Villager (Male) |
| 19:31 | Create | Villager (Male) |
| 19:36 | Create | Villager (Male) |
| 19:39 | Create | Villager (Male) |
| 19:58 | Create | Villager (Male) |
| 19:59 | Create | Villager (Male) |
| 20:08 | Build | Barracks |
| 20:28 | Build | Farm |
| 20:37 | Build | House |
| 20:39 | Create | Villager (Male) |
| 20:42 | Research | Town Watch |
| 20:48 | Build | Farm |
| 21:00 | Create | Villager (Male) |
| 21:02 | Create | Villager (Male) |
| 21:05 | Build | Farm |
| 21:12 | Build | Stable |
| 21:38 | Create | Villager (Male) |
| 21:42 | Build | Farm |
| 21:44 | Build | Farm |
| 21:46 | Build | Farm |
| 21:51 | Create | Villager (Male) |
| 21:53 | Create | Villager (Male) |
| 22:04 | Build | Farm |
| 22:06 | Build | Farm |
| 22:08 | Create | Knight |
| 22:26 | Build | Castle |
| 22:46 | Create | Knight |
| 22:47 | Create | Villager (Male) |
| 22:51 | Build | Farm |
| 22:55 | Build | Farm |
| 22:58 | Research | Wheelbarrow |
| 23:00 | Create | Villager (Male) |
| 23:17 | Build | Town Center |
| 23:19 | Create | Villager (Male) |
| 23:25 | Create | Villager (Male) |
| 23:27 | Create | Villager (Male) |
| 23:28 | Create | Knight |
| 23:33 | Build | Farm |
| 23:57 | Build | Farm |
| 23:59 | Build | Farm |
| 24:03 | Create | Villager (Male) |
| 24:04 | Create | Villager (Male) |
| 24:10 | Research | Horse Collar |
| 24:10 | Research | Horse Collar |
| 24:19 | Create | Knight |
| 24:34 | Create | Villager (Male) |
| 24:36 | Create | Villager (Male) |
| 24:36 | Create | Villager (Male) |
| 24:39 | Build | Farm |
| 24:40 | Create | Knight |
| 24:44 | Build | Farm |
| 24:51 | Research | Heavy Plow |
| 24:52 | Research | Heavy Plow |
| 25:00 | Build | Farm |
| 25:11 | Create | Villager (Male) |
| 25:13 | Create | Villager (Male) |
| 25:17 | Create | Villager (Male) |
| 25:18 | Create | Villager (Male) |
| 25:24 | Create | Villager (Male) |
| 25:27 | Create | Villager (Male) |
| 25:27 | Create | Villager (Male) |
| 25:36 | Create | Villager (Male) |
| 25:39 | Build | Farm |
| 25:41 | Build | Farm |
| 25:45 | Build | Farm |
| 25:50 | Build | Farm |
| 25:53 | Create | Villager (Male) |
| 25:56 | Create | Villager (Male) |
| 26:00 | Research | Gold Mining |
| 26:02 | Create | Villager (Male) |
| 26:06 | Create | Knight |
| 26:19 | Create | Villager (Male) |
| 26:22 | Build | Farm |
| 26:26 | Create | Villager (Male) |
| 26:30 | Create | Villager (Male) |
| 26:32 | Build | Farm |
| 26:35 | Build | Farm |
| 26:42 | Build | Lumber Camp |
| 26:47 | Create | Villager (Male) |
| 26:49 | Build | Farm |
| 26:51 | Build | Farm |
Build order — Matasariano9065
First 150 of 267 actions detected
| 0:33 | Build | Town Center |
| 0:47 | Build | Dock |
| 2:53 | Create | Villager (Male) |
| 2:53 | Create | Villager (Male) |
| 2:53 | Create | Villager (Male) |
| 2:53 | Create | Villager (Male) |
| 3:32 | Create | Villager (Male) |
| 3:32 | Create | Villager (Male) |
| 3:33 | Create | Villager (Male) |
| 3:39 | Create | Fishing Ship |
| 3:40 | Create | Fishing Ship |
| 3:58 | Build | House |
| 4:45 | Create | Fishing Ship |
| 4:45 | Create | Fishing Ship |
| 5:00 | Create | Villager (Male) |
| 5:00 | Create | Villager (Male) |
| 5:14 | Build | House |
| 5:23 | Create | Villager (Male) |
| 5:24 | Create | Villager (Male) |
| 5:56 | Create | Villager (Male) |
| 5:56 | Create | Villager (Male) |
| 6:02 | Create | Fishing Ship |
| 6:02 | Create | Fishing Ship |
| 6:24 | Create | Villager (Male) |
| 6:25 | Create | Villager (Male) |
| 6:29 | Build | House |
| 6:35 | Create | Fishing Ship |
| 6:36 | Create | Fishing Ship |
| 6:56 | Create | Villager (Male) |
| 6:56 | Create | Villager (Male) |
| 6:56 | Create | Villager (Male) |
| 7:12 | Create | Villager (Male) |
| 7:13 | Create | Villager (Male) |
| 7:13 | Create | Villager (Male) |
| 7:18 | Create | Fishing Ship |
| 7:37 | Create | Villager (Male) |
| 7:37 | Create | Villager (Male) |
| 7:55 | Create | Villager (Male) |
| 7:55 | Create | Villager (Male) |
| 8:28 | Create | Villager (Male) |
| 8:39 | Create | Fishing Ship |
| 8:55 | Build | Dock |
| 8:57 | Create | Villager (Male) |
| 9:01 | Research | Loom |
| 9:22 | Build | Lumber Camp |
| 9:22 | Create | Villager (Male) |
| 9:24 | Create | Villager (Male) |
| 9:42 | Build | House |
| 9:56 | Research | Feudal Age |
| 9:56 | Research | Feudal Age |
| 10:21 | Create | Fishing Ship |
| 10:22 | Create | Villager (Male) |
| 10:39 | Build | House |
| 10:40 | Build | Palisade Wall |
| 10:41 | Build | Palisade Wall |
| 10:42 | Build | Palisade Wall |
| 12:08 | Create | Galley |
| 12:08 | Create | Galley |
| 12:11 | Create | Villager (Male) |
| 12:21 | Build | Blacksmith |
| 12:24 | Build | House |
| 12:25 | Create | Villager (Male) |
| 12:29 | Research | Double-Bit Axe |
| 12:47 | Create | Galley |
| 12:47 | Create | Galley |
| 12:48 | Create | Villager (Male) |
| 12:48 | Create | Villager (Male) |
| 13:06 | Research | Fletching |
| 13:22 | Build | Mill |
| 13:22 | Create | Villager (Male) |
| 13:59 | Create | Villager (Male) |
| 14:04 | Create | Fire Galley ×3 |
| 14:04 | Create | Fire Galley ×3 |
| 14:14 | Create | Villager (Male) |
| 14:15 | Create | Villager (Male) |
| 14:21 | Create | Villager (Male) |
| 14:33 | Create | Villager (Male) |
| 14:40 | Create | Galley ×2 |
| 14:41 | Create | Galley ×2 |
| 14:41 | Create | Villager (Male) |
| 14:41 | Create | Villager (Male) |
| 14:45 | Create | Villager (Male) |
| 15:35 | Create | Villager (Male) |
| 15:41 | Build | Market |
| 15:42 | Create | Villager (Male) |
| 15:45 | Create | Galley ×2 |
| 15:45 | Create | Galley ×2 |
| 15:53 | Create | Villager (Male) |
| 16:12 | Create | Villager (Male) |
| 16:29 | Build | House |
| 16:30 | Build | House |
| 17:01 | Create | Villager (Male) |
| 17:37 | Research | Castle Age |
| 17:45 | Build | Mining Camp |
| 18:07 | Create | Galley ×4 |
| 18:08 | Create | Galley ×4 |
| 18:27 | Build | Dock |
| 18:31 | Create | Galley |
| 18:31 | Create | Galley |
| 18:32 | Create | Villager (Male) |
| 18:37 | Research | Stone Mining |
| 19:13 | Create | Villager (Male) |
| 19:23 | Research | Gold Mining |
| 19:31 | Create | Galley |
| 19:31 | Create | Galley |
| 19:43 | Build | House |
| 19:44 | Build | House |
| 19:45 | Build | House |
| 20:19 | Research | Bodkin Arrow |
| 20:19 | Research | Bodkin Arrow |
| 20:24 | Research | War Galley (upgrade) |
| 20:36 | Create | Villager (Male) |
| 21:13 | Create | Villager (Male) |
| 21:26 | Create | Villager (Male) |
| 21:37 | Build | Castle |
| 21:48 | Build | Dock |
| 21:53 | Create | Villager (Male) |
| 21:54 | Create | Villager (Male) |
| 22:07 | Create | Villager (Male) |
| 22:29 | Create | Villager (Male) |
| 22:41 | Build | Town Center |
| 22:54 | Create | Galley ×5 |
| 22:54 | Create | Galley ×5 |
| 22:57 | Build | House |
| 22:58 | Build | House |
| 22:58 | Build | House |
| 23:05 | Create | Villager (Male) |
| 23:19 | Create | Villager (Male) |
| 23:46 | Create | Villager (Male) |
| 23:46 | Create | Villager (Male) |
| 24:17 | Create | Villager (Male) |
| 24:45 | Create | Villager (Male) |
| 24:49 | Build | House |
| 24:50 | Build | House |
| 24:50 | Build | House |
| 24:50 | Build | House |
| 24:59 | Build | University |
| 25:05 | Create | Villager (Male) |
| 25:21 | Create | Villager (Male) |
| 25:23 | Create | Villager (Male) |
| 25:28 | Create | Genoese Crossbowman |
| 25:28 | Create | Genoese Crossbowman |
| 25:28 | Create | Genoese Crossbowman |
| 25:29 | Create | Genoese Crossbowman |
| 25:29 | Create | Genoese Crossbowman |
| 25:55 | Build | Mill |
| 26:12 | Research | Ballistics |
| 26:27 | Create | Villager (Male) |
| 26:28 | Create | Villager (Male) |
| 26:44 | Research | Tech 906 |
Match timeline
| 0:35 | CTM | chiwire · first_building Dock |
| 0:47 | Matasariano9065 · first_building Dock |
| 1:17 | DUDA · first_building Dock |
| 1:24 | eze · first_building Dock |
| 2:05 | Dr.Dreamz · first_building Dock |
| 2:10 | Wendysocute · first_building Dock |
| 3:09 | CTM | Benja FC · first_building Dock |
| 3:13 | PSX | King · wall_segment Palisade Wall x1 |
| 3:14 | PSX | King · wall_segment Palisade Wall x1 |
| 3:15 | PSX | King · wall_segment Palisade Wall x1 |
| 3:17 | PSX | King · wall_segment Palisade Wall x1 |
| 3:26 | PSX | King · wall_segment Palisade Wall x1 |
| 3:28 | PSX | King · wall_segment Palisade Wall x1 |
| 3:30 | PSX | King · wall_segment Palisade Wall x1 |
| 3:31 | PSX | King · wall_segment Palisade Wall x1 |
| 6:56 | Wendysocute · wall_segment Palisade Wall x5 |
| 8:40 | eze · wall_segment Palisade Wall x1 |
| 8:44 | eze · wall_segment Palisade Wall x1 |
| 10:04 | DUDA · wall_segment Palisade Wall x1 |
| 10:11 | DUDA · wall_segment Palisade Wall x1 |
| 10:13 | Dr.Dreamz · wall_segment Palisade Wall x6 |
| 10:16 | DUDA · wall_segment Palisade Wall x1 |
| 10:28 | DUDA · wall_segment Palisade Wall x1 |
| 10:31 | DUDA · wall_segment Palisade Wall x1 |
| 10:39 | DUDA · wall_segment Palisade Wall x2 |
| 10:40 | Matasariano9065 · wall_segment Palisade Wall x1 |
| 10:41 | Matasariano9065 · wall_segment Palisade Wall x1 |
| 10:42 | Matasariano9065 · wall_segment Palisade Wall x1 |
| 11:16 | CTM | Benja FC · wall_segment Palisade Wall x1 |
| 11:18 | CTM | Benja FC · wall_segment Palisade Wall x1 |
| 11:19 | CTM | Benja FC · wall_segment Palisade Wall x1 |
| 11:27 | CTM | chiwire · wall_segment Palisade Wall x1 |
| 11:30 | Dr.Dreamz · age_up feudal |
| 11:31 | CTM | chiwire · wall_segment Palisade Wall x1 |
| 11:53 | DUDA · age_up feudal |
| 12:32 | CTM | Benja FC · age_up feudal |
| 13:01 | eze · age_up feudal |
| 13:02 | Wendysocute · age_up feudal |
| 13:14 | CTM | chiwire · age_up feudal |
| 13:37 | Dr.Dreamz · wall_segment Palisade Wall x3 |
| 13:46 | CTM | chiwire · wall_segment Stone Wall x11 |
| 13:57 | Dr.Dreamz · wall_segment Palisade Wall x3 |
| 14:19 | CTM | chiwire · wall_segment Stone Wall x7 |
| 14:27 | Dr.Dreamz · first_market_sell 100 food |
| 14:36 | Dr.Dreamz · wall_segment Palisade Wall x7 |
| 15:03 | CTM | Benja FC · first_market_sell 100 food |
| 15:22 | Dr.Dreamz · wall_segment Palisade Wall x1 |
| 15:33 | PSX | King · age_up feudal |
| 15:59 | CTM | Benja FC · first_building Barracks |
| 16:21 | CTM | chiwire · wall_segment Stone Wall x11 |
| 16:51 | CTM | chiwire · wall_segment Stone Wall x12 |
| 17:05 | CTM | chiwire · wall_segment Stone Wall x5 |
| 17:11 | CTM | chiwire · age_up castle |
| 17:11 | Dr.Dreamz · age_up castle |
| 17:22 | Dr.Dreamz · first_market_buy 100 stone |
| 17:27 | Dr.Dreamz · first_building Castle |
| 17:35 | Matasariano9065 · first_market_buy 100 food |
| 17:48 | CTM | Benja FC · age_up castle |
| 17:55 | CTM | Benja FC · first_building Siege Workshop |
| 18:11 | CTM | chiwire · wall_segment Stone Wall x15 |
| 18:26 | DUDA · age_up castle |
| 18:47 | DUDA · first_market_buy 100 wood |
| 18:57 | CTM | Benja FC · first_market_buy 100 wood |
| 19:17 | CTM | Benja FC · wall_segment Palisade Wall x10 |
| 19:19 | CTM | chiwire · wall_segment Stone Wall x3 |
| 19:26 | CTM | Benja FC · wall_segment Palisade Wall x12 |
| 19:34 | PSX | King · wall_segment Stone Wall x14 |
| 19:35 | PSX | King · wall_segment Stone Wall x1 |
| 19:38 | eze · first_market_buy 100 food |
| 20:08 | DUDA · first_building Barracks |
| 20:17 | CTM | chiwire · wall_segment Stone Wall x10 |
| 20:27 | eze · first_building Barracks |
| 20:41 | Dr.Dreamz · first_building Siege Workshop |
| 20:51 | CTM | chiwire · wall_segment Stone Wall x4 |
| 21:12 | Wendysocute · wall_segment Stone Wall x14 |
| 21:12 | DUDA · first_building Stable |
| 21:37 | Matasariano9065 · first_building Castle |
| 21:45 | eze · wall_segment Palisade Wall x1 |
| 21:59 | eze · first_building Archery Range |
| 22:26 | DUDA · first_building Castle |
| 22:41 | eze · age_up castle |
| 22:48 | CTM | chiwire · wall_segment Stone Wall x9 |
| 23:55 | eze · first_building Siege Workshop |
| 24:20 | CTM | chiwire · wall_segment Stone Wall x11 |
| 24:50 | CTM | chiwire · wall_segment Stone Wall x11 |
| 25:09 | CTM | chiwire · tribute_sent a jugador 1 |
| 25:09 | CTM | chiwire · tribute_sent a jugador 3 |
| 25:09 | CTM | chiwire · tribute_sent a jugador 4 |
| 25:09 | CTM | chiwire · tribute_sent a jugador 5 |
| 25:09 | CTM | chiwire · tribute_sent a jugador 6 |
| 25:09 | CTM | chiwire · tribute_sent a jugador 7 |
| 25:09 | CTM | chiwire · tribute_sent a jugador 8 |
| 25:52 | eze · first_market_sell 100 wood |
| 27:13 | CTM | Benja FC · wall_segment Palisade Wall x5 |
| 27:20 | CTM | Benja FC · wall_segment Palisade Wall x17 |
| 27:37 | CTM | Benja FC · first_building Castle |
| 27:48 | CTM | chiwire · wall_segment Stone Wall x11 |
| 27:56 | CTM | chiwire · first_building Siege Workshop |
| 28:26 | Wendysocute · first_market_sell 100 food |
| 29:15 | CTM | chiwire · first_market_buy 100 stone |
| 29:21 | CTM | chiwire · first_building Castle |
| 30:19 | PSX | King · wall_segment Palisade Wall x1 |
| 30:19 | PSX | King · wall_segment Palisade Wall x1 |
| 30:21 | PSX | King · wall_segment Palisade Wall x1 |
| 30:23 | PSX | King · wall_segment Palisade Wall x1 |
| 30:24 | PSX | King · wall_segment Palisade Wall x1 |
| 30:42 | Matasariano9065 · first_market_sell 100 wood |
| 31:05 | CTM | chiwire · first_market_sell 100 food |
| 31:12 | Wendysocute · age_up castle |
| 31:30 | CTM | chiwire · first_building Barracks |
| 31:33 | Wendysocute · first_building Castle |
| 32:58 | CTM | chiwire · first_building Archery Range |
| 33:11 | Wendysocute · wall_segment Stone Wall x10 |
| 34:17 | CTM | chiwire · age_up imperial |
| 35:15 | DUDA · first_building Siege Workshop |
| 35:19 | CTM | Benja FC · wall_segment Palisade Wall x12 |
| 35:21 | Dr.Dreamz · first_building Barracks |
| 36:33 | PSX | King · first_market_buy 100 food |
| 36:45 | Dr.Dreamz · age_up imperial |
| 37:03 | Dr.Dreamz · first_building Stable |
| 37:24 | PSX | King · first_building Barracks |
| 37:52 | CTM | Benja FC · first_building Monastery |
| 38:12 | Wendysocute · first_building Barracks |
| 38:26 | PSX | King · first_building Archery Range |
| 39:18 | DUDA · age_up imperial |
| 39:30 | Wendysocute · first_building Archery Range |
| 39:43 | PSX | King · age_up castle |
| 39:50 | Dr.Dreamz · first_building Archery Range |
| 39:59 | CTM | chiwire · tribute_sent a jugador 1 |
| 39:59 | CTM | chiwire · tribute_sent a jugador 3 |
| 39:59 | CTM | chiwire · tribute_sent a jugador 4 |
| 39:59 | CTM | chiwire · tribute_sent a jugador 5 |
| 39:59 | CTM | chiwire · tribute_sent a jugador 6 |
| 39:59 | CTM | chiwire · tribute_sent a jugador 7 |
| 39:59 | CTM | chiwire · tribute_sent a jugador 8 |
| 40:07 | CTM | Benja FC · age_up imperial |
| 40:47 | PSX | King · first_market_sell 100 food |
| 41:08 | Dr.Dreamz · wall_segment Palisade Wall x1 |
| 41:11 | Dr.Dreamz · wall_segment Palisade Wall x1 |
| 41:17 | Wendysocute · first_market_buy 100 food |
| 41:28 | CTM | Benja FC · first_building Stable |
| 41:51 | Wendysocute · age_up imperial |
| 42:03 | Dr.Dreamz · resign |
[ AI ANALYSIS · 1 CREDIT ]
What really happened in this match?
Wolo.gg analyzes every decision: build order, eco, micro, common mistakes by bracket. Personalized analysis on WhatsApp or Discord in 30 seconds.
Civ guide
Vietnamese
Perfil
Jugador #9733677